 Dungeon Crawl Stone Soup version 0.17-a0-2127-g1cb09f6 (webtiles) character file.

49 tp1 the Magician (level 3, 0/19 HPs)
             Began as a Deep Elf Conjurer on Oct 23, 2015.
             Slain by Robin
             ... wielding a +0 dagger
              (4 damage)
             ... on level 2 of the Dungeon.
             The game lasted 00:05:08 (1527 turns).

tp1 the Magician (Deep Elf Conjurer)                Turns: 1527, Time: 00:05:08

Health: 0/19       AC:  2    Str:  5    XL:     3   Next: 53%
Magic:  1/11       EV: 13    Int: 20    God:
Gold:   66         SH:  0    Dex: 15    Spells: 2 memorised, 9 levels left

rFire  . . .     SeeInvis .     k - +0 short sword
rCold  . . .     Clarity  .     a - +0 robe
rNeg   . . .     SustAt   .     (no shield)
rPois  .         Gourm    .     (no helmet)
rElec  .         Spirit   .     (no cloak)
rCorr  .         Warding  .     (no gloves)
rMut   .         Stasis   .     (no boots)
MR     .....                    (no amulet)
Stlth  ++........               (no ring)
                                (no ring)

@: not resistant to hostile enchantments, unstealthy
A: no striking features
a: no special abilities


You were on level 2 of the Dungeon.
You were hungry.

You visited 1 branch of the dungeon, and saw 2 of its levels.

You collected 66 gold pieces.

Inventory:

Hand Weapons
 f - a +0 short sword
 k - a +0 short sword (weapon)
Armour
 a - a +0 robe (worn)
Scrolls
 d - a scroll of identify {unknown}
 g - a scroll of fear {unknown}
Potions
 e - a potion of degeneration {unknown}
Books
 b - a book of Conjurations

   Spells                             Type                      Level
   a - Magic Dart                     Conjuration                  1
   b - Searing Ray                    Conjuration                  2
   c - Dazzling Spray                 Conjuration/Hexes            3
   d - Fulminant Prism                Conjuration/Hexes            4
   e - Iskenderun's Mystic Blast      Conjuration                  4
   f - Iskenderun's Battlesphere      Conjuration/Charms           5
Comestibles
 c - a bread ration
 h - 3 fruits
 j - 2 meat rations


   Skills:
 - Level 2.4 Dodging
 - Level 2.4 Stealth
 + Level 5.4 Spellcasting
 - Level 4.3 Conjurations


You had 9 spell levels left.
You knew the following spells:

 Your Spells              Type           Power        Failure   Level  Hunger
a - Magic Dart            Conj           ###.         1%          1    None
b - Searing Ray           Conj           ###...       2%          2    None


Dungeon Overview and Level Annotations

Branches:
Dungeon (2/15)

Altars:

Annotations:
D:2 Robin


Message History

Aiming: Magic Dart
Press: ? - help, Shift-Dir - straight line, f/p - Robin
Aim: Robin, wielding a dagger, wearing an animal skin, wearing a helmet and carrying a wand of heal wounds {zapped: 2} (moderately wounded)
The magic dart hits Robin.
Robin is severely wounded.
Robin hits you with a dagger. The goblin closely misses you.
You hit Robin.
Robin is almost dead.
Robin hits you but does no damage. The goblin hits you.
A bat and a hobgoblin come into view.
You barely miss Robin.
Robin is almost dead.
Robin zaps a wand.
Robin is healed somewhat.
The goblin closely misses you.
Robin zaps a wand.
Nothing appears to happen.
You barely miss Robin.
Robin is heavily wounded.
The goblin hits you.
* * * LOW HITPOINT WARNING * * *
Robin hits you with a dagger.
You die...

#.$ #.# #.# #.# #.# #.#
#.# #.. ### #g# #.# ##
#... ..# #@# #.# ..#
....##.# #g# ##.###
#..# ......####g# #
....#....#
#........bg#.#
#.#.#....##
..g##.........#
#.#........
#gg#..........#
#<..#.##.##
###..#.)..........#.#.#
#
#...>#.........####.#.#
#....#.........# #.#.#


You could see Robin, 2 hobgoblins, a goblin (frenzied) and a bat.

Vanquished Creatures
  An ooze (D:1)
  3 giant geckos (D:1)
  A bat (D:1)
  3 giant cockroaches (D:1)
  6 hobgoblins
  6 jackals (D:1)
  6 kobolds (D:1)
  A quokka (D:2)
  A giant newt (D:1)
  3 goblins (D:2)
  6 rats (D:1)
37 creatures vanquished.

Notes
Turn   | Place    | Note
--------------------------------------------------------------
     0 | D:1      | tp1 the Deep Elf Conjurer began the quest for the Orb.
     0 | D:1      | Reached XP level 1. HP: 10/10 MP: 6/6
   386 | D:1      | Reached XP level 2. HP: 15/15 MP: 1/8
   477 | D:1      | Learned a level 2 spell: Searing Ray
   838 | D:1      | Reached XP level 3. HP: 19/19 MP: 8/11
   952 | D:1      | Reached skill level 5 in Spellcasting
  1494 | D:2      | Noticed Robin
  1527 | D:2      | Slain by Robin

Vault maps used:
D:1:      elethiomel_arrival_quiet
D:2:      wad_floor_pattern_2, grunt_dithmenos_smoke_and_mirrors, uniq_terence,
          uniq_sigmund, uniq_robin

Action                   || total
-------------------------++-------
Melee: Unarmed           ||     7
       Short sword       ||    12
 Cast: Magic Dart        ||    82
  Use: Scroll            ||     2
  Eat: Chunk             ||     1
